Map: Lerilak Crest

Players

shin - Winner!

  • Race: Protoss Protoss
  • League: Gold

Grumm

  • Race: Protoss Protoss
  • League: Gold

VOD

Have the link to the VOD?

Description

Time

  • Played on: Feb. 4, 2016, 4:28 p.m.
  • Length: 14:47
Show
View Real Time Build Order
Export as new Build Order

shin Protoss - Winner!

Build Orders:  

Get SALT Encoding   

  12  0:01  Probe (Chrono Boost)  
  13  0:18  Pylon  
  13  0:19  Probe (Chrono Boost)  
  14  0:37  Probe (Chrono Boost)  
  15  0:45  Gateway  
  15  0:47  Probe (Chrono Boost)  
  16  0:54  Assimilator  
  16  1:01  Probe (Chrono Boost)  
  17  1:11  Probe (Chrono Boost)  
  17  1:13  Pylon  
  18  1:25  Probe (Chrono Boost)  
  19  1:36  Cybernetics Core  
  19  1:39  Probe (Chrono Boost)  
  20  1:40  Gateway  
  20  1:41  Pylon  
  20  1:53  Assimilator  
  20  1:55  Probe (Chrono Boost)  
  21  2:08  Probe (Chrono Boost)  
  21  2:13  Stalker, Warp Gate (Chrono Boost)  
  23  2:29  Probe (Chrono Boost)  
  24  2:31  Stalker  
  26  2:47  Adept  
  27  2:55  Probe  
  28  3:01  Adept  
  30  3:14  Stalker  
  32  3:22  Robotics Facility  
  32  3:24  Pylon  
  32  3:27  Probe  
  32  3:28  Stalker  
  35  3:58  Probe  
  36  4:06  Stalker  
  36  4:07  Stalker  
  40  4:13  Nexus  
  40  4:18  Observer  
  40  4:22  Pylon  
  42  4:25  Pylon  
  42  4:31  Mothership Core  
  39  5:05  Robotics Bay  
  39  5:07  Pylon  
  39  5:13  Probe  
  40  5:15  Observer  
  41  5:25  Probe  
  41  5:27  Probe  
  43  5:37  Probe  
  43  5:38  Probe  
  45  5:47  Immortal (Chrono Boost)  
  45  5:48  Probe  
  45  5:49  Probe  
  50  5:51  Pylon  
  51  5:59  Probe  
  51  6:01  Probe  
  53  6:06  Stalker  
  53  6:07  Stalker  
  53  6:09  Probe  
  58  6:11  Assimilator  
  58  6:13  Probe  
  58  6:15  Assimilator  
  59  6:20  Probe  
  60  6:25  Probe  
  60  6:28  Disruptor (Chrono Boost)  
  64  6:40  Stalker  
  60  7:05  Stalker x2  
  56  7:13  Probe  
  56  7:14  Probe  
  56  7:29  Disruptor (Chrono Boost)  
  59  7:31  Nexus  
  59  7:32  Pylon  
  59  7:33  Pylon  
  59  7:34  Probe  
  59  7:35  Probe  
  61  7:46  Stalker  
  61  7:47  Stalker  
  65  7:59  Forge  
  65  8:00  Forge  
  65  8:01  Pylon  
  64  8:09  Disruptor (Chrono Boost)  
  64  8:10  Stalker  
  64  8:11  Probe, Stalker  
  72  8:12  Probe  
  73  8:24  Probe  
  74  8:31  Pylon  
  74  8:32  Pylon, Protoss Ground Weapons Level 1 (Chrono Boost)  
  74  8:35  Protoss Ground Armor Level 1 (Chrono Boost)  
  74  8:36  Stalker x2  
  78  8:43  Probe x2 (Chrono Boost)  
  78  8:44  Probe (Chrono Boost)  
  81  8:50  Disruptor  
  84  8:56  Probe x2  
  84  8:58  Probe  
  84  9:01  Stalker x2  
  91  9:08  Probe  
  92  9:12  Probe  
  92  9:14  Probe  
  94  9:20  Probe  
  94  9:23  Probe  
  95  9:26  Stalker x2, Probe, Observer  
  102  9:32  Probe  
  102  9:34  Mothership Core, Assimilator, Pylon  
  102  9:38  Assimilator  
  105  10:02  Probe  
  105  10:03  Probe  
  105  10:04  Probe  
  105  10:06  Stalker x2  
  112  10:16  Probe  
  112  10:17  Probe  
  112  10:18  Probe  
  115  10:22  Gateway  
  115  10:23  Gateway  
  115  10:26  Gateway  
  114  10:29  Gateway  
  114  10:30  Probe, Photon Cannon  
  114  10:31  Pylon, Probe  
  114  10:32  Pylon, Probe  
  114  10:33  Protoss Shields Level 1 (Chrono Boost), Pylon  
  114  10:35  Stalker x2  
  121  10:41  Disruptor (Chrono Boost)  
  124  10:50  Probe  
  124  10:51  Twilight Council  
  124  10:52  Probe x2  
  127  11:01  Sentry x2  
  131  11:07  Probe  
  131  11:08  Probe x2  
  134  11:19  Disruptor (Chrono Boost)  
  137  11:34  Stalker x5  
  147  11:43  Nexus  
  147  11:46  Pylon  
  147  11:47  Stalker  
  147  11:50  Disruptor (Chrono Boost)  
  152  11:57  Stalker  
  152  11:58  Stalker x4  
  152  12:00  Blink  
  162  12:21  Disruptor (Chrono Boost)  
  132  12:53  Stalker x5  
  130  13:08  Stalker  
  132  13:17  Gateway x2  
  132  13:20  Photon Cannon  
  132  13:21  Photon Cannon  
  132  13:22  Photon Cannon  
  132  13:23  Gateway  
  132  13:28  Assimilator  
  132  13:30  Stalker x2  
  132  13:31  Stalker x3  
  132  13:33  Assimilator  
  142  13:44  Stalker  
  144  14:00  Sentry  
  144  14:01  Sentry x4  
Show
View Real Time Build Order
Export as new Build Order

Grumm Protoss 

Build Orders:  

Get SALT Encoding   

  12  0:01  Probe (Chrono Boost)  
  13  0:11  Probe (Chrono Boost)  
  14  0:22  Probe (Chrono Boost)  
  14  0:24  Pylon  
  15  0:36  Assimilator  
  16  0:43  Probe (Chrono Boost)  
  16  0:45  Gateway  
  16  0:53  Probe (Chrono Boost)  
  17  1:04  Probe (Chrono Boost)  
  18  1:09  Gateway  
  18  1:14  Probe (Chrono Boost)  
  19  1:25  Probe (Chrono Boost)  
  20  1:32  Cybernetics Core  
  20  1:35  Probe (Chrono Boost)  
  20  1:37  Assimilator  
  21  1:42  Pylon  
  21  1:46  Probe (Chrono Boost)  
  22  2:09  Adept x2  
  22  2:11  Warp Gate (Chrono Boost)  
  26  2:27  Robotics Facility  
  26  2:29  Pylon  
  26  2:31  Probe (Chrono Boost)  
  27  3:06  Nexus  
  27  3:27  Probe  
  27  3:30  Pylon  
  28  3:41  Probe  
  28  3:45  Immortal (Chrono Boost)  
  31  3:56  Gateway  
  31  4:00  Forge  
  31  4:02  Pylon  
  31  4:09  Probe  
  32  4:12  Stalker  
  34  4:17  Stalker  
  34  4:20  Mothership Core  
  34  4:21  Probe  
  37  4:40  Photon Cannon  
  35  4:51  Stalker x2  
  35  5:03  Immortal (Chrono Boost)  
  35  5:05  Sentry  
  41  5:08  Probe  
  42  5:15  Adept  
  42  5:16  Sentry  
  46  5:27  Probe  
  46  5:28  Probe  
  46  5:30  Stalker  
  50  5:37  Zealot  
  52  5:45  Probe  
  52  5:46  Probe  
  54  5:56  Immortal (Chrono Boost)  
  58  6:00  Adept  
  60  6:07  Immortal x2 (Chrono Boost)  
  60  6:13  Adept x2  
  64  6:26  Probe  
  65  6:35  Stalker x2  
  51  7:15  Stalker x2  
  45  7:16  Stalker  
  45  7:17  Probe  
  45  7:18  Protoss Ground Weapons Level 1 (Chrono Boost)  
  50  7:24  Photon Cannon  
  50  7:25  Immortal (Chrono Boost)  
  50  7:27  Photon Cannon  
  54  7:35  Robotics Facility  
  54  7:38  Pylon, Probe x2  
  54  7:40  Assimilator  
  56  7:45  Assimilator  
  56  7:51  Stalker x2  
  58  7:55  Adept  
  62  8:03  Gateway  
  62  8:04  Gateway  
  62  8:06  Gateway  
  62  8:13  Probe x2  
  64  8:20  Observer  
  64  8:22  Immortal  
  64  8:25  Probe x2  
  71  8:35  Pylon  
  71  8:43  Twilight Council, Immortal  
  71  8:46  Pylon  
  75  9:08  Pylon  
  75  9:22  Immortal  
  75  9:26  Nexus  
  75  9:28  Pylon  
  79  9:33  Immortal  
  83  9:40  Protoss Ground Armor Level 1 (Chrono Boost)  
  83  9:45  Blink  
  83  9:55  Photon Cannon  
  83  10:05  Immortal  
  83  10:11  Stalker  
  89  10:23  Photon Cannon  
  89  10:27  Stalker  
  91  10:34  Dark Shrine  
  91  10:39  Forge  
  91  10:43  Probe x2  
  93  10:54  Observer  
  94  11:01  Stalker x3  
  100  11:08  Photon Cannon  
  100  11:12  Assimilator  
  100  11:21  Observer  
  100  11:23  Stalker x2  
  100  11:25  Probe x2  
  107  11:26  Warp Prism  
  109  11:36  Stalker  
  111  11:43  Assimilator, Probe x2  
  82  12:48  Stalker x5  
  82  12:49  Stalker  
  71  13:03  Immortal  
  55  13:08  Immortal  
  55  13:11  Stalker  
  55  13:12  Stalker x3  
  69  13:13  Stalker x2  
  75  13:21  Probe  
  75  13:23  Probe x2  
  78  13:41  Dark Templar x2  
  78  13:42  Dark Templar x4  
  78  13:47  Archon x2  
  72  14:23  Stalker x4  
  72  14:24  Stalker x2  
Tags
 
Add a new tag
Caveats
  • Supply blocks, unpowered buildings, or Contaminate may cause inaccurate times.
  • Supply counts are checked every 10 seconds.